 Dungeon Crawl Stone Soup version 0.21-a0-584-g185da8e (webtiles) character file.

5362 Amnesiac the Martial Artist (level 10, -2/99 HPs)
             Began as an Octopode Transmuter on Dec 20, 2017.
             Was a Priest of Okawaru.
             Slain by an orc knight
             ... wielding a +0 trident
              (30 damage)
             ... in a bailey.
             The game lasted 00:29:39 (11365 turns).

Amnesiac the Martial Artist (Octopode Transmuter)  Turns: 11365, Time: 00:29:39

Health: -2/99      AC: 25    Str: 10 (12) XL:     10   Next: 65%
Magic:  13/15      EV:  2    Int: 15 (17) God:    Okawaru [***...]
Gold:   417        SH:  5    Dex: 15 (18) Spells: 6/16 levels left

rFire    + + +     SeeInvis +   E - +2 halberd of Pirhoug {freeze, rF+++ Str+3 Dex-4}
rCold    + . .     Gourm    .   (shield currently unavailable)
rNeg     + + +     Faith    .   (helmet currently unavailable)
rPois    +         Spirit   .   y - +5 amulet of reflection
rElec    +         Reflect  +   d - ring of positive energy
rCorr    +         Harm     .   t - ring of resist corrosion
MR       .....     NoTele   +   F - ring "Reduu" {Int+2 SInv}
Stlth    ++++......             (no ring)
HPRegen  0.26/turn              (no ring)
MPRegen  0.14/turn              (no ring)
                                (no ring)
                                (no ring)

@: agile, tree-form, resistant, heroism, hasted, very quick
A: almost no armour, stealthy swim, (amphibious), 8 rings, (constrict 8)
a: Heroism, Renounce Religion


You were in a bailey.
You worshipped Okawaru.
Okawaru was most pleased with you.
You were hungry.
You were a tree.
You visited 2 branches of the dungeon, and saw 10 of its levels.
You also visited: Bailey.

You collected 631 gold pieces.
You spent 214 gold pieces at shops.

Inventory:

Hand Weapons
 E - the +2 halberd of Pirhoug (weapon) {freeze, rF+++ Str+3 Dex-4}
   (You found it on level 9 of the Dungeon)

   It has been specially enchanted to freeze those struck by it, causing extra
   injury to most foes and up to half again as much damage against particularly
   susceptible opponents.
   It can also slow down cold-blooded creatures.
   It affects your strength (+3).
   It affects your dexterity (-4).
   It renders you almost immune to fire.
Missiles
 a - 209 arrows
 k - 26 poisoned needles
 m - a throwing net (quivered)
Jewellery
 d - a ring of positive energy (left branch)
 t - a ring of resist corrosion (right branch)
 y - a +5 amulet of reflection (around neck)
 F - the ring "Reduu" (on tentacle) {Int+2 SInv}
   (You found it in a bailey)

   [ring of see invisible]

   It affects your intelligence (+2).
   It lets you see invisible.
Wands
 f - a wand of paralysis (3)
Scrolls
 e - 6 scrolls of teleportation {!r}
 j - 3 scrolls of amnesia {!r}
 l - 3 scrolls of remove curse {!r}
 v - 3 scrolls of fog {!r}
 w - 5 scrolls of blinking {!r}
Potions
 n - 3 potions of curing {!q}
 r - 3 potions of brilliance {!q}
 s - a potion of agility {!q}
 z - a potion of heal wounds {!q}
 B - a potion of magic {!q}
 C - a potion of mutation {!q}
Books
 b - a book of Changes

   Spells                             Type                      Level
   a - Beastly Appendage              Transmutation                1
   b - Sticks to Snakes               Transmutation                2
   c - Spider Form                    Transmutation/Poison         3
   d - Ice Form                       Ice/Transmutation            4
   e - Blade Hands                    Transmutation                5
Comestibles
 c - 8 rations


   Skills:
 + Level 5.5(10.5) Fighting
 + Level 5.4(10.4) Dodging
 - Level 11.5(16.5) Unarmed Combat
 - Level 3.5 Spellcasting
 - Level 7.0 Transmutations


You had 6 spell levels left.
You knew the following spells:

 Your Spells              Type           Power        Failure   Level  Hunger
a - Beastly Appendage     Tmut           ###...       1%          1    None
b - Sticks to Snakes      Tmut           ###.....     1%          2    ##.....
c - Ice Form              Ice/Tmut       ##......     41%         4    ####...
e - Spider Form           Tmut/Pois      ##........   14%         3    ###....


Dungeon Overview and Level Annotations

Branches:
Dungeon (9/15)             Temple (1/1) D:6
   Lair: D:8-11         Orc: D:9-12

Altars:
Ashenzari
Cheibriados
Dithmenos
Elyvilon
Fedhas
Makhleb
Nemelex Xobeh
Okawaru
Qazlal
Ru
Sif Muna
Trog
Uskayaw
Vehumet
Wu Jian
Xom
Yredelemnul
Zin
The Shining One

Shops:
D:4 ?


Innate Abilities, Weirdness & Mutations

You cannot wear most types of armour.
You are very stealthy in the water. (Stealth+)
((You are amphibious.))
You can wear up to eight rings at the same time.
((You can use your tentacles to constrict eight enemies at once.))
((Your skin changes colour to match your surroundings (Stealth+).))
((Your rubbery body absorbs attacks. (AC +1, EV +1)))


Message History

You feel very buoyant.
You fly up into the air.
Really quaff
q - a puce potion {!q}?
It was a potion of resistance {!q}.
You feel protected.
Really quaff
u - 2 blue potions {!q}?
It was a potion of lignification {!q}.
You turn into a tree.
Your roots penetrate the ground.
The orc knight no longer looks unusually strong.
Unknown command.
You cannot move.
Okay, then.
Unknown command.
You start waiting.
The orc knight roars a battlecry!
The orc knight goes into a battle-frenzy!
Unknown command.
You start waiting.
The orc knight roars a battlecry!
Unknown command.
You start waiting.
The orc warrior no longer looks unusually strong.
The orc knight roars a battlecry!
The orc warrior goes into a battle-frenzy!
You start waiting.
The orc warrior no longer looks unusually strong.
Unknown command.
You start waiting.
The orc knight no longer looks unusually strong.
You start waiting.
The orc knight no longer looks unusually strong.
You start waiting.
The orc knight roars a battlecry!
The orcs go into a battle-frenzy!
You start waiting.
Your transformation is almost over.
You start waiting.
The orc knight roars a battlecry!
You start waiting.
The orc warrior no longer looks unusually strong.
You start waiting.
The orc knight roars a battlecry!
The orc warrior goes into a battle-frenzy!
You start waiting.
You feel less wooden.
Really quaff
s - 2 potions of agility {!q}?
Okay, then.
Really quaff
D - a potion of haste {!q}?
You feel yourself speed up.
The orc knight hits you from afar with a trident!!
Really quaff
u - a potion of lignification {!q}?
You turn into a tree.
Your roots penetrate the ground.
The orc knight hits you from afar with a trident!!
* * * LOW HITPOINT WARNING * * *
Really quaff
z - 2 potions of heal wounds {!q}?
You feel much better.
The orc warrior no longer looks unusually strong.
You gain the combat prowess of a mighty hero.
The orc knight hits you from afar with a trident!!
* * * LOW HITPOINT WARNING * * *
Really quaff
s - 2 potions of agility {!q}?
You feel agile all of a sudden.
The orc knight hits you from afar with a trident!!
You die...

.))....##.....# #####..≈.#
###########'#############.≈.#
.....##.........##.....##)≈.#
#...#'..≈≈≈≈≈≈§..##...##..≈.#
##.##..≈≈.....≈≈..##.##.)≈≈.#
.#'#..≈≈§..⌠..o≈≈..#'#))≈≈.∩#
.#'#..§≈..⌠∩⌠oo≈≈..#'#..≈≈.##
##.##..≈≈§§§.o≈≈.!'#.##..≈≈.#
#...##..≈§§§§≈≈.♣##..)##..≈.#
.....##..§§§....##.....##.≈.#
#######'###+#############.≈.#
.......##.....##..........≈.#
≈≈≈≈≈≈..##.∩.##..≈≈≈≈≈≈≈≈≈≈.#
.....≈≈..##,##..≈≈..........#
####..≈≈..###..≈≈..##########
##..≈≈...))≈≈..##
##..≈≈≈≈≈≈≈..##


You could see 2 orc knights and 2 orc warriors.

Vanquished Creatures
  A two-headed ogre (D:9)
  Joseph (D:6)
  Psyche (D:8)
  Prince Ribbit (D:7)
  Grinder (D:4)
  Grum (D:8)
  Menkaure (D:7)
  Edmund (D:4)
  Duvessa (D:4)
  A water moccasin (D:7)
  An ice beast (D:5)
  3 orc warriors
  A black bear (D:9)
  2 ogres
  3 wolves (D:8)
  3 centaurs
  A crocodile (D:7)
  Dowan (D:4)
  A wyvern skeleton (D:6)
  3 scorpions
  14 killer bees
  2 crimson imps
  A hound (D:7)
  A quasit (D:7)
  2 orc priests
  A centaur skeleton (D:5)
  6 orc wizards
  An iguana (D:5)
  8 worker ants
  A killer bee zombie (D:7)
  8 adders
  4 gnolls (D:5)
  2 shadow imps
  2 oozes (D:7)
  An adder zombie (D:5)
  3 worms
  5 dart slugs
  5 leopard geckos
  47 orcs
  6 giant cockroaches
  6 goblins
  2 hobgoblins
  2 jackals (D:7)
  4 kobolds
  3 quokkas
  A ball python (D:2)
  6 bats
  7 frilled lizards
  A leopard gecko skeleton (D:7)
  2 quokka skeletons (D:4)
  8 rats
191 creatures vanquished.

Vanquished Creatures (collateral kills)
  2 ogres
  A bullfrog (D:6)
  A scorpion (D:4)
  A centaur zombie (D:5)
  2 adders (D:3)
  An orc (D:4)
8 creatures vanquished.

Grand Total: 199 creatures vanquished

Notes
Turn   | Place    | Note
-------+----------+-------------------------------------------
     0 | D:1      | Amnesiac the Octopode Transmuter began the quest for the Orb.
     0 | D:1      | Reached XP level 1. HP: 13/13 MP: 3/3
    45 | D:1      | Reached XP level 2. HP: 10/18 MP: 3/5
    52 | D:1      | Learned a level 2 spell: Sticks to Snakes
   450 | D:3      | Reached skill level 4 in Unarmed Combat
   621 | D:3      | Reached XP level 3. HP: 11/23 MP: 6/6
   626 | D:3      | Learned a level 3 spell: Spider Form
   919 | D:4      | Noticed a scorpion
  1198 | D:4      | Killed a scorpion
  1198 | D:4      | Reached XP level 4. HP: 28/28 MP: 4/7
  1232 | D:4      | Noticed an ogre
  1319 | D:5      | Entered Level 5 of the Dungeon
  1453 | D:4      | Noticed Grinder
  1655 | D:4      | Found Meucs's Magic Scroll Emporium.
  1655 | D:4      | Noticed Edmund
  1658 | D:4      | Noticed Duvessa
  1660 | D:4      | Noticed Dowan
  1764 | D:5      | Noticed an ogre
  1776 | D:5      | Killed an ogre
  1776 | D:5      | Reached XP level 5. HP: 33/33 MP: 2/8
  2052 | D:3      | Reached skill level 5 in Transmutations
  2224 | D:3      | Found a faded altar of an unknown god.
  2592 | D:3      | Reached XP level 6. HP: 28/38 MP: 5/9
  3938 | D:2      | Found a sparkling altar of Nemelex Xobeh.
  4021 | D:3      | Learned a level 4 spell: Ice Form
  4264 | D:4      | Found a hide-covered altar of Uskayaw.
  4465 | D:4      | Noticed an angel
  4469 | D:4      | Found a glowing silver altar of Zin.
  4611 | D:4      | Reached XP level 7. HP: 24/43 MP: 8/11
  4985 | D:5      | Found a blossoming altar of Fedhas.
  5347 | D:5      | Found a stormy altar of Qazlal.
  5383 | D:5      | Found the +9 scales of the Dragon King {rPois rF+ rC+ MR+}
  5857 | D:4      | Killed Edmund
  5857 | D:4      | Reached skill level 5 in Unarmed Combat
  5889 | D:4      | Bought a scroll of random uselessness for 13 gold pieces
  5889 | D:4      | Bought a scroll of noise for 13 gold pieces
  5894 | D:4      | Bought a scroll of fog for 26 gold pieces
  5894 | D:4      | Bought a scroll of fog for 26 gold pieces
  5894 | D:4      | Bought a scroll of blinking for 97 gold pieces
  5894 | D:4      | Bought a scroll of teleportation for 39 gold pieces
  5923 | D:5      | Reached XP level 8. HP: 46/48 MP: 8/13
  5957 | D:4      | Found Meucs's Magic Scroll Emporium.
  6162 | D:4      | Paralysed by Grinder for 3 turns
  6174 | D:4      | Killed Duvessa
  6174 | D:4      | Reached skill level 6 in Unarmed Combat
  6177 | D:4      | Killed Grinder
  6177 | D:4      | Reached skill level 7 in Unarmed Combat
  6187 | D:4      | Killed Dowan
  6517 | D:4      | Found a glowing silver altar of Zin.
  6529 | D:4      | Found a hide-covered altar of Uskayaw.
  7121 | D:6      | Reached skill level 8 in Unarmed Combat
  7228 | D:6      | Found a staircase to the Ecumenical Temple.
  7235 | Temple   | Entered the Ecumenical Temple
  7356 | Temple   | Became a worshipper of Warmaster Okawaru
  7413 | D:6      | Found an ornate altar of the Wu Jian Council.
  7519 | D:6      | Reached XP level 9. HP: 53/53 MP: 11/14
  7685 | D:6      | Reached skill level 9 in Unarmed Combat
  8179 | D:7      | Noticed Prince Ribbit
  8188 | D:7      | Killed Prince Ribbit
  8266 | D:7      | Reached skill level 10 in Unarmed Combat
  8443 | D:7      | Reached * piety under Okawaru
  8777 | D:7      | Noticed Menkaure
  8784 | D:7      | Killed Menkaure
  8784 | D:7      | Reached skill level 11 in Unarmed Combat
  8801 | D:7      | Noticed Joseph
  8813 | D:6      | Killed Joseph
  8813 | D:6      | Reached ** piety under Okawaru
  9339 | D:8      | Noticed Psyche
  9352 | D:8      | Killed Psyche
  9352 | D:8      | Reached XP level 10. HP: 60/63 MP: 12/15
  9548 | D:7      | Found a hide-covered altar of Uskayaw.
  9793 | D:8      | Noticed Grum
  9819 | D:8      | Killed Grum
 10204 | D:9      | Noticed a two-headed ogre
 10219 | D:9      | Killed a two-headed ogre
 10219 | D:9      | Reached *** piety under Okawaru
 10219 | D:9      | Reached skill level 5 in Fighting
 10219 | D:9      | Reached skill level 5 in Dodging
 10311 | D:9      | Found a white marble altar of Elyvilon.
 10381 | D:9      | Found a flagged portal.
 10389 | D:9      | Got a translucent halberd
 10391 | D:9      | Identified the +2 halberd of Pirhoug {freeze, rF+++ Str+3 Dex-4} (You found it on level 9 of the Dungeon)
 10394 | Bailey   | Entered a bailey
 10471 | Bailey   | Noticed an orc knight
 10471 | Bailey   | Noticed an orc knight
 10782 | Bailey   | Got a flickering tin ring
 10783 | Bailey   | Identified the ring "Reduu" {Int+2 SInv} (You found it in a bailey)
 11365 | Bailey   | Slain by an orc knight

Vault maps used:
D:1:      shiori_arrival_elements, minmay_misc_feat_x
D:2:      nemelex_diamond_rough_becter
D:3:      first_ration, chequers_ecumenical_altar_simple,
          kennysheep_decorative_pillar
D:4:      zin_angel, kennysheep_mini, serial_shops, kennysheep_little_box,
          uniq_edmund, uniq_grinder, uniq_duvessa
D:5:      nicolae_qazlal_general_emergency, lemuel_round_altar
D:6:      temple_statues, basic_altar
D:7:      lemuel_upstairs_altar, uniq_prince_ribbit1, uniq_menkaure, uniq_joseph
D:8:      uniq_grum, uniq_psyche
D:9:      elyvilon_altar_1, minitemple, serial_shops, shop, enter_bailey_2
Temple:   jpeg_temple_clearing
Bailey:   bailey_polearm_1, bailey

Skill      XL: |  1  2  3  4  5  6  7  8  9 10 |
---------------+-------------------------------+-----
Unarmed Combat | 4 5 8 11 | 11.5
Transmutations | 3 4 5 6 7 |  7.0
Spellcasting   | 3 |  3.5
Fighting       | 3 5 |  5.5
Dodging        | 5 |  5.4

Action                   |  1- 3 |  4- 6 |  7- 9 | 10-12 || total
-------------------------+-------+-------+-------+-------++-------
Melee: Unarmed           |    34 |   149 |   263 |   117 ||   563
       Constrict         |     9 |    25 |     7 |    11 ||    52
       Kick              |     4 |       |       |       ||     4
       Tentacles         |     9 |    23 |     3 |     8 ||    43
       Punch             |       |     4 |     1 |     6 ||    11
       Halberd           |       |       |       |    17 ||    17
Throw: Throwing net      |       |       |     2 |       ||     2
 Cast: Beastly Appendage |     3 |       |       |       ||     3
       Sticks to Snakes  |     7 |    14 |     7 |     2 ||    30
       Spider Form       |       |     9 |    26 |    12 ||    47
       Ice Form          |       |       |     7 |     1 ||     8
Invok: Heroism           |       |       |       |     3 ||     3
 Abil: End Transformatio |       |       |       |     1 ||     1
Evoke: Wand              |       |       |       |    15 ||    15
  Use: Scroll            |       |     6 |     5 |     7 ||    18
       Potion            |       |       |     1 |     8 ||     9
 Stab: Sleeping          |     1 |     7 |     5 |     3 ||    16
       Distracted        |       |     1 |     1 |       ||     2
       Paralysed         |       |       |       |    16 ||    16
  Eat: Chunk             |     1 |    10 |    13 |     8 ||    32
       Ration            |       |     1 |     2 |       ||     3
Armor: Skin              |     1 |    18 |    17 |     2 ||    38
Dodge: Dodged            |    18 |    80 |   152 |    87 ||   337
Block: Other             |       |       |    22 |    15 ||    37
       Reflection        |       |       |     1 |       ||     1

Table legend:
 A = Spawn XP
 B = Non-spawn XP
 C = Spawn XP percentage of total XP
 D = Spawn monster count
 E = Non-spawn monster count
 F = Spawn count percentage of total count
 G = Total turns spent on level
                    A         B        C        D         E        F      G
               +---------+---------+-------+---------+---------+-------+---------
         Total |       0 |    7660 |   0.0 |       0 |     199 |   0.0 | 11365
               +---------+---------+-------+---------+---------+-------+---------
           D:1 |       0 |      33 |   0.0 |       0 |      15 |   0.0 |   678
           D:2 |       0 |      77 |   0.0 |       0 |      23 |   0.0 |   984
           D:3 |       0 |     145 |   0.0 |       0 |      20 |   0.0 |  1540
           D:4 |       0 |     956 |   0.0 |       0 |      19 |   0.0 |  2666
           D:5 |       0 |     564 |   0.0 |       0 |      16 |   0.0 |  1025
           D:6 |       0 |    1233 |   0.0 |       0 |      28 |   0.0 |  1185
           D:7 |       0 |    1530 |   0.0 |       0 |      32 |   0.0 |  1103
           D:8 |       0 |    1689 |   0.0 |       0 |      21 |   0.0 |   886
           D:9 |       0 |    1125 |   0.0 |       0 |      11 |   0.0 |   190
        Bailey |       0 |     308 |   0.0 |       0 |      14 |   0.0 |   971
               +---------+---------+-------+---------+---------+-------+---------
